 Dungeon Crawl Stone Soup version 0.30.0-20-g3b4254fcbd (webtiles) character file.

Game seed: 9726971723202712273

16 Danienth the Chiller (level 2, -7/11 HPs)
             Began as a Felid Ice Elementalist on May 16, 2023.
             Mangled by a gnoll
             ... wielding a +0 club
              (8 damage)
             ... on level 1 of the Dungeon on June 3, 2023.
             The game lasted 00:07:31 (813 turns).

Danienth the Chiller (Felid Ice Elementalist)        Turns: 813, Time: 00:07:33

Health: -7/11      AC:  1    Str:  4    XL:     2   Next: 37%
Magic:  5/6        EV: 17    Int: 16    God:
Gold:   38         SH:  0    Dex: 16    Spells: 4/5 levels left
                                        Lives:  0   Deaths: 0

rFire   . . .        (weapon unavailable)
rCold   . . .        (shield unavailable)
rNeg    . . .        (body armour unavailable)
rPois   .            (helmet unavailable)
rElec   .            (cloak unavailable)
rCorr   .            (gloves unavailable)
SInv    +            (boots unavailable)
Will    .....        (no amulet)
Stlth   ++           (no ring)
HPRegen 0.21/turn    (no ring)
MPRegen 0.10/turn

%: no passive effects
@: quick
A: very small, claws 1, fangs 3, see invisible, speed 1, shaggy fur 1, stealthy
paws, no weapons or thrown items, no armour, multi-lived
a: no special abilities


You were on level 1 of the Dungeon.
You visited 1 branch of the dungeon, and saw 2 of its levels.

You collected 38 gold pieces.

Inventory:

Scrolls
 c - a scroll of identify
Potions
 a - a potion of magic
 b - a potion of heal wounds
 d - a potion of lignification {unknown}
 e - 2 potions of curing {unknown}


   Skills:
 + Level 2.8 Dodging
 * Level 3.2 Stealth
 * Level 0.1 Unarmed Combat
 * Level 2.2 Spellcasting
 * Level 3.9 Ice Magic


You had 4 spell levels left.
You knew the following spells:

 Your Spells              Type           Power      Damage    Failure   Level
a - Freeze                Ice            56%        1d7       4%          1

Your spell library contained the following spells:

 Spells                   Type           Power      Damage    Failure   Level
 Frozen Ramparts          Ice            28%        1d5       12%         3
 Ozocubu's Armour         Ice            14%        N/A       12%         3
 Poisonous Vapours        Pois/Air       2%         N/A       30%         2
 Mephitic Cloud           Conj/Pois/Air  1%         N/A       52%         3
 Summon Ice Beast         Ice/Summ       8%         N/A       65%         4
 Freezing Cloud           Conj/Ice/Air   2%         6-21      97%         5


Dungeon Overview and Level Annotations

Branches:
Dungeon (2/15)

Altars:


Innate Abilities, Weirdness & Mutations

You have sharp claws.
You have razor-sharp teeth.
You have supernaturally acute eyesight. (SInv)
You cover ground quickly. (Speed+)
You are covered in fur. (AC +1)
Your paws help you pounce on unaware monsters.
You are incapable of wielding weapons or throwing items.
You cannot wear armour.
You gain extra lives every three experience levels.


Message History

There is a stone staircase leading down here.
You climb downwards.
The gnoll shouts!
Found a leather armour.
Found a stone staircase leading up.
There is a stone staircase leading up here.
The gnoll shouts!
A gnoll comes into view. It is wielding a +0 club.
The gnoll closely misses you.
You climb upwards.
There is a stone staircase leading down here.
You climb downwards.
The gnoll hits you from afar with a +0 spear.
There is a stone staircase leading up here.
The gnoll misses you.
You climb upwards.
There is a stone staircase leading down here.
You start resting.
HP restored.
There is a stone staircase leading down here.
You climb downwards.
The hobgoblin shouts!
The gnoll shouts!
The gnoll hits you from afar with a +0 spear.
Ouch! That really hurt!
The gnoll closely misses you.
There is a stone staircase leading up here.
The gnoll hits you with a +0 club.
* * * LOW HITPOINT WARNING * * *
The ball python hisses angrily.
You climb upwards.
There is a stone staircase leading down here.
Casting: Freeze (safe; 4% risk of failure)
Confirm with . or Enter, or press ? or * to list all spells.
Aiming: Freeze (safe; 4% risk of failure)
Press: ? - help, Shift-Dir - straight line, f - gnoll
Aim: a gnoll, wielding a +0 club You freeze the gnoll.
The gnoll is lightly wounded.
The gnoll hits you with a +0 club!
Ouch! That really hurt!
You die...

.# #...##.### .#
#.#.#....# .# #...#..#.#
.# #......#.#
.##########+#.#..#.#
.................#.#
..............#..#.#
..............#..######
...[..........#.@g....#
................#####.##
.............##.#......###
.............##.#.###....#
..........(..'..#.##...#.#
.............####.##.###.#
.............# #........#
......[......# #..#.#.###
.............# #..#.#.#


You could see a gnoll.

Vanquished Creatures
  A dart slug (D:1)
  A goblin (D:1)
  3 hobgoblins (D:1)
  3 kobolds (D:1)
  A quokka (D:1)
  3 ball pythons (D:1)
  A rat (D:1)
13 creatures vanquished.

Notes
Turn   | Place    | Note
-------+----------+-------------------------------------------
     0 | D:1      | Danienth the Felid Ice Elementalist began the quest for the
                  | Orb.
     0 | D:1      | Reached XP level 1. HP: 7/7 MP: 4/4
     2 | D:1      | Noticed a ghoul
     2 | D:1      | Noticed an elf
     4 | D:1      | Noticed an octopode
     6 | D:1      | Noticed a formicid
     6 | D:1      | Noticed a troll
     8 | D:1      | Noticed an ogre
    10 | D:1      | Noticed a felid
    10 | D:1      | Noticed a human
    12 | D:1      | Noticed a naga
    12 | D:1      | Noticed a spriggan
    14 | D:1      | Noticed an armataur
    14 | D:1      | Noticed a demigod
    16 | D:1      | Noticed a minotaur
    16 | D:1      | Noticed a demonspawn
    18 | D:1      | Noticed a meteoran
    20 | D:1      | Noticed a draconian
    20 | D:1      | Noticed a gargoyle
    22 | D:1      | Noticed a tengu
    22 | D:1      | Noticed a vine stalker
    25 | D:1      | Noticed a merfolk
    25 | D:1      | Noticed a human
    27 | D:1      | Noticed a gargoyle
    27 | D:1      | Noticed an elf
   167 | D:1      | Reached XP level 2. HP: 11/11 MP: 0/6
   607 | D:1      | Upgraded the game from 0.30.0-10-gfe55d96785 to
                  | 0.30.0-20-g3b4254fcbd
   813 | D:1      | Mangled by a gnoll

Illustrated notes

Levels and vault maps discovered:
D:1:      kb_arrival_jail, layout_basic
D:2:      layout_rooms

Skill      XL: |  1  2 |
---------------+-------+-----
Stealth        | 3 |  3.2
Dodging        | |  2.8
Unarmed Combat | |  0.1
Spellcasting   | |  2.2
Ice Magic      | |  3.9

Action                     || total
---------------------------++-------
  Melee: Unarmed           ||    19
         Bite              ||     3
   Cast: Freeze            ||    16
    Use: Scroll            ||     2
   Stab: Sleeping          ||     1
  Dodge: Dodged            ||    22
